AoeStats
← cauliflower

Black Forest

513575582Analyzed
4v4 RM · 4d ago on Oct 14, 2026· 41m 1s· 8 players
Game mode
Random Map
Map size
Large (8 player)
Population
200
Speed
Normal
Resources
Standard
Victory
Conquest
Starting age
Dark Age
Ending age
Imperial Age
RankedLock teamsTeams togetherTeam positionsShared explorationLock speedFull tech treeHidden civsTurbo modeCheats
Victory
Defeat
🇨🇳 Wei · China
1467
+15
🇨🇳 Cumans · China
1465
+15
🇩🇪 Italians · Germany
1390
+19
🇫🇷 Japanese · France
1389
+18
vs
🇨🇳 Turks · China
1485
-18
🇰🇷 Bohemians · South Korea
1459
-17
🇭🇰 Celts · Hong Kong SAR China
1420
-16
🇲🇴 Wu · Macao SAR China
1414
-16
Freegan
1:15 Loom
12:06 Feudal Age
17:03 Castle Age
14:59 Double-Bit Axe
15:07 Fishing Lines
16:43 Gold Mining
18:26 Bow Saw
19:52 Horse Collar
24:41 Wheelbarrow
24:55 Heavy Plow
25:24 Stone Mining
27:48 Gillnets
32:07 Imperial Age
30:44 Hand Cart
32:14 Onager
32:15 Heavy Scorpion
32:44 Capped Ram
34:05 Siege Engineers
34:12 Masonry
36:25 Gold Shaft Mining
36:25 Stone Shaft Mining
屁屁人
0:47 Loom
11:06 Feudal Age
11:17 Man-at-Arms
12:44 Arson
15:18 Double-Bit Axe
17:20 Fletching
27:34 Castle Age
26:38 Horse Collar
26:57 Gold Mining
27:06 Stone Mining
27:51 Fishing Lines
29:14 Bow Saw
30:11 Wheelbarrow
30:57 Gillnets
35:30 Imperial Age
34:42 Bodkin Arrow
34:47 Padded Archer Armor
36:28 Leather Archer Armor
36:24 Forging
36:15 Scale Mail Armor
36:29 Bracer
37:33 Chemistry
37:48 Conscription
38:21 Caravan
38:26 Red Cliffs Tactics
37:59 Pikeman
38:40 Squires
39:32 Chain Mail Armor
39:52 Iron Casting
40:31 Masonry
40:36 Guard Tower
41:32 Ballistics
41:55 Plate Mail Armor
BaniWang
6:22 Loom
11:08 Feudal Age
11:49 Double-Bit Axe
12:21 Fishing Lines
18:06 Castle Age
17:32 Wheelbarrow
19:24 Gillnets
19:48 Bow Saw
20:04 Fervor
24:20 Hand Cart
28:06 Imperial Age
28:01 Chemistry
28:06 Scale Mail Armor
29:53 Two-Man Saw
28:18 Pikeman
29:10 Halberdier
29:50 Squires
30:07 Chain Mail Armor
30:04 Wagenburg Tactics
30:19 Conscription
30:53 Forging
31:32 Plate Mail Armor
31:48 Siege Engineers
32:37 Iron Casting
33:21 Guilds
33:42 Coinage
34:21 Caravan
34:52 Banking
33:46 Houfnice
35:28 Blast Furnace
34:13 Man-at-Arms
34:39 Arson
36:03 Ballistics
35:53 Masonry
35:18 Long Swordsman
36:42 Bombard Tower
36:48 Two-Handed Swordsman
39:25 Architecture
38:50 Murder Holes
39:58 Fletching
松右
12:32 Feudal Age
16:09 Castle Age
14:20 Double-Bit Axe
15:35 Fishing Lines
19:03 Horse Collar
24:42 Wheelbarrow
27:43 Imperial Age
25:37 Stone Mining
25:37 Gold Mining
27:18 Wheelbarrow
27:27 Bow Saw
28:14 Padded Archer Armor
28:15 Gillnets
28:48 Conscription
29:35 Artillery
30:06 Hand Cart
29:37 Loom
29:37 Town Watch
30:59 Two-Man Saw
30:33 Elite Janissary
32:40 Leather Archer Armor
32:35 Forging
32:30 Scale Barding Armor
32:49 Guilds
32:40 Caravan
33:10 Coinage
34:59 Iron Casting
34:36 Bloodlines
34:26 Husbandry
35:15 Ring Archer Armor
36:02 Chain Barding Armor
36:42 Blast Furnace
38:27 Plate Barding Armor
38:16 Masonry
38:02 Horse Collar
40:35 Heavy Plow
cauliflower
0:41 Loom
1:40 Loom
13:19 Feudal Age
17:05 Castle Age
15:44 Stone Mining
16:08 Double-Bit Axe
17:17 Horse Collar
18:41 Bow Saw
28:25 Gold Mining
28:40 Fishing Lines
32:02 Imperial Age
30:28 Wheelbarrow
30:23 Fletching
30:34 Padded Archer Armor
32:11 Bodkin Arrow
32:31 Leather Archer Armor
32:41 Thumb Ring
33:43 Chemistry
33:37 Bracer
33:39 Crossbowman
35:07 Conscription
35:45 Masonry
35:44 Gillnets
博饼
9:01 Feudal Age
9:30 Double-Bit Axe
9:26 Horse Collar
14:32 Wheelbarrow
20:07 Castle Age
18:03 Gold Mining
19:03 Scale Barding Armor
19:24 Bloodlines
19:27 Forging
20:57 Heavy Plow
21:16 Bow Saw
25:00 Hand Cart
25:54 Gold Shaft Mining
25:18 Loom
26:01 Town Watch
29:50 Imperial Age
28:12 Scale Mail Armor
28:36 Town Patrol
29:48 Chain Mail Armor
29:02 Man-at-Arms
29:28 Arson
30:21 Iron Casting
29:14 Capped Ram
29:51 Long Swordsman
30:32 Squires
31:18 Plate Mail Armor
31:57 Two-Man Saw
31:37 Crop Rotation
30:49 Two-Handed Swordsman
33:38 Blast Furnace
32:05 Champion
33:37 Chain Barding Armor
32:41 Light Cavalry
34:03 Stone Mining
34:18 Siege Ram
34:48 Hussar
36:53 Coinage
36:10 Elite Steppe Lancer
37:28 Plate Barding Armor
41:55 Banking
尛b
0:27 Loom
11:46 Feudal Age
14:00 Horse Collar
14:08 Double-Bit Axe
14:16 Gold Mining
15:59 Fletching
24:21 Wheelbarrow
27:31 Castle Age
25:30 Stone Mining
28:48 Bow Saw
28:40 Heavy Plow
29:31 Hand Cart
31:06 Tuntian
31:56 Fortified Wall
32:35 Gold Shaft Mining
32:40 Stone Shaft Mining
32:06 Bodkin Arrow
32:12 Padded Archer Armor
32:01 Treadmill Crane
33:23 Ballistics
33:39 Thumb Ring
34:01 Leather Archer Armor
34:39 Bloodlines
34:29 Husbandry
35:06 Husbandry
38:56 Imperial Age
36:13 Town Watch
40:24 Crop Rotation
40:27 Parthian Tactics
40:10 Bracer
40:41 Ring Archer Armor
CrazyBen
11:30 Feudal Age
15:15 Castle Age
13:19 Double-Bit Axe
14:47 Fishing Lines
16:41 Bow Saw
16:45 Gillnets
21:26 Gold Mining
21:24 Loom
22:59 Wheelbarrow
23:03 Stone Mining
23:46 Horse Collar
24:44 Heavy Plow
28:05 Imperial Age
25:37 Fletching
26:10 Ballistics
25:40 Guard Tower
26:21 Bodkin Arrow
26:27 Scale Mail Armor
27:08 Gold Shaft Mining
27:21 Yasama
26:49 Pikeman
27:29 Squires
28:07 Chain Mail Armor
27:34 Treadmill Crane
27:58 Gambesons
28:30 Squires
28:51 Hand Cart
28:50 Forging
29:18 Kataparuto
29:19 Siege Engineers
29:20 Bracer
30:03 Conscription
30:55 Chemistry
29:45 Arrowslits
31:14 Keep
30:26 Arrowslits
30:53 Masonry
39:49 Halberdier
Connection lost

Rejoining the realm…

Still unreachable

The connection could not be restored.

Session expired

The server has moved on; the page needs a fresh start.